 Dungeon Crawl Stone Soup version 0.30-a0-862-g1aabd4f9c5 (webtiles) character file.

Game seed: 3009214293413243947

23076 Lobster4 the Fighter (level 13, -4/102 (109) HPs)
             Began as a Human Wanderer on Mar 8, 2023.
             Was a Priest of Nemelex Xobeh.
             Killed from afar by an acid dragon (20 damage)
             ... with a splash of acid
             ... on level 12 of the Dungeon on Mar 9, 2023.
             The game lasted 01:09:55 (16930 turns).

Lobster4 the Fighter (Human Wanderer)              Turns: 16930, Time: 01:09:55

HP:   -4/102 (109)  AC: 17    Str: 35    XL:     13   Next: 32%
MP:   19/19         EV: 14    Int: 21    God:    Nemelex Xobeh [***...]
Gold: 737           SH:  0    Dex: 15    Spells: 18/20 levels left

rFire   + . .      SeeInvis .    x - +10 mace of Sots {drain, Int+2}
rCold   . . .      Faith    .    (no shield)
rNeg    . . .      Spirit   .    h - +6 ring mail "Howuit" {Fly rElec Str+6}
rPois   .          Reflect  .    T - +1 helmet
rElec   +          Rampage  .    (no cloak)
rCorr   .                        V - +1 pair of gloves of Duty {rF+ Will+}
Will    ++...                    b - +2 pair of boots {Fly}
Stlth   +                        (no amulet)
HPRegen 0.37/turn                o - ring "Qowk" {Str+6 Int+5 Dex+4}
MPRegen 0.16/turn                B - ring of the Solstice {rElec Will+ Str+3 Int+2}

@: corroded, flying, slowed, drained, very slow
A: no striking features
a: Renounce Religion, Draw Escape, Draw Destruction, Draw Summoning, Triple Draw


You were on level 12 of the Dungeon.
You worshipped Nemelex Xobeh.
Nemelex Xobeh was most pleased with you.
You visited 4 branches of the dungeon, and saw 16 of its levels.
You also visited: Gauntlet.

You collected 1013 gold pieces.
You spent 276 gold pieces at shops.

Inventory:

Hand Weapons
 g - the +6 short sword "Kiugiv" {freeze, rC+}
   (You found it on level 4 of the Dungeon)

   rC:        It protects you from cold.
 x - the +10 mace of Sots (weapon) {drain, Int+2}
   (You found it on level 5 of the Dungeon)

   Int:       It affects your intelligence (+2).
 E - a +1 sling of flaming
 O - a +2 short sword of venom
Missiles
 k - 3 boomerangs
 w - 3 silver boomerangs
 I - 3 poisoned darts (quivered)
 M - 2 javelins
Armour
 a - a +0 ring mail of fire resistance
 b - a +2 pair of boots of flying (worn)
 h - the +6 ring mail "Howuit" (worn) {Fly rElec Str+6}
   (You found it in a Gauntlet)

   Str:       It affects your strength (+6).
   rElec:     It insulates you from electricity.
   Fly:       It grants you flight.
 t - a +3 scale mail of positive energy
 F - the +18 Lear's hauberk
   (You found it on level 7 of the Dungeon)
 G - a +2 robe of cold resistance
 N - a +1 plate armour of poison resistance
 T - a +1 helmet (worn)
 V - the +1 pair of gloves of Duty (worn) {rF+ Will+}
   (You found it on level 10 of the Dungeon)

   rF:        It protects you from fire.
   Will:      It increases your willpower.
 W - a +0 kite shield
 X - a +4 scale mail of willpower
 Y - a +2 scale mail of fire resistance
Magical Staves
 U - a staff of poison
Jewellery
 j - a ring of protection from fire
 o - the ring "Qowk" (left hand) {Str+6 Int+5 Dex+4}
   (You found it on level 4 of the Dungeon)

   [ring of strength]

   Str:       It affects your strength (+6).
   Int:       It affects your intelligence (+5).
   Dex:       It affects your dexterity (+4).
 y - a +4 ring of protection
 z - a ring of protection from fire
 B - the ring of the Solstice (right hand) {rElec Will+ Str+3 Int+2}
   (You found it in a Gauntlet)

   [ring of willpower]

   Str:       It affects your strength (+3).
   Int:       It affects your intelligence (+2).
   rElec:     It insulates you from electricity.
   Will:      It increases your willpower.
Wands
 l - a wand of acid (5)
 s - a wand of polymorph (23)
 v - a wand of paralysis (1)
 D - a wand of roots (6)
 K - a wand of flame (11)
 S - a wand of mindburst (6)
Scrolls
 e - 2 scrolls of teleportation
 f - 2 scrolls of immolation
 p - a scroll of poison
 A - 3 scrolls of fog
 C - a scroll of magic mapping
 R - a scroll of amnesia {unknown}
Potions
 c - 2 potions of degeneration {unknown}
 d - 3 potions of curing
 i - 5 potions of flight
 m - a potion of haste
 n - 4 potions of brilliance
 r - 6 potions of ambrosia
 u - a potion of heal wounds
 H - 5 potions of resistance
 L - a potion of cancellation {unknown}
 P - 2 potions of magic
 Q - a potion of might
Miscellaneous
 Z - a condenser vane


   Skills:
 + Level 12.9 Fighting
 - Level 4.0 Short Blades
 - Level 4.1(5.7) Axes
 + Level 6.2(6.8) Maces & Flails
 - Level 3.0 Throwing
 + Level 8.7 Armour
 - Level 6.0 Dodging
 + Level 6.0 Shields
 + Level 4.3 Spellcasting
 + Level 4.5 Fire Magic
 + Level 6.0 Invocations
 - Level 3.0 Evocations


You had 18 spell levels left.
You knew the following spells:

 Your Spells              Type           Power      Damage    Failure   Level
a - Scorch                Fire           46%        2d7       3%          2

Your spell library contained the following spells:

 Spells                   Type           Power      Damage    Failure   Level
 Slow                     Hex            16%        N/A       16%         1
 Confusing Touch          Hex            4%         N/A       41%         3
 Hailstorm                Conj/Ice       4%         3d4       41%         3
 Ozocubu's Armour         Ice            4%         N/A       41%         3
 Vampiric Draining        Necr           4%         2d6       41%         3
 Flame Wave               Conj/Fire      14%        2d6       50%         4
 Animate Dead             Necr           4%         N/A       83%         4
 Ice Form                 Ice/Tmut       4%         N/A       83%         4
 Summon Forest            Summ/Tloc      2%         N/A       99%         5
 Eringya's Noxious Bog    Tmut/Pois      2%         N/A       100%        6
 Simulacrum               Ice/Necr       2%         N/A       100%        6
 Summon Cactus Giant      Summ           2%         N/A       100%        6
 Haunt                    Necr/Summ      2%         N/A       100%        7
 Ozocubu's Refrigeration  Ice            2%         4d7       100%        7
 Summon Hydra             Summ           2%         N/A       100%        7
 Infestation              Necr           2%         N/A       100%        8


Dungeon Overview and Level Annotations

Branches:
Dungeon (12/15)            Temple (1/1) D:7            Lair (1/5) D:9
    Orc (2/2) D:10            Elf (0/3) Orc:2       Gauntlet (visited)

Altars:
Ashenzari
Cheibriados
Dithmenos
Elyvilon
Fedhas
Gozag
Hepliaklqana
Kikubaaqudgha
Makhleb
Nemelex Xobeh
Okawaru
Qazlal
Ru
Sif Muna
Trog
Uskayaw
Vehumet
Wu Jian
Xom
Yredelemnul
Zin
The Shining One

Shops:
D:8 (

Portals:
Trove: D:10 (give +5 fire dragon scales)

Annotations:
D:3 Sigmund
Orc:1 Rupert


Message History

Aim: Josephine, wielding a +1 dagger of draining and wearing a +0 robe (severely wounded, 66% to hit)
You throw a curare-tipped dart. The curare-tipped dart hits Josephine.
Josephine is poisoned.
Josephine convulses.
Josephine seems to slow down.
Josephine is almost dead.
Aiming: Fastroot
Press: ? - help, Shift-Dir - straight line, f/p - Josephine
Aim: Josephine, wielding a +1 dagger of draining and wearing a +0 robe (almost dead, very poisoned, slow)
The roots erupt in riotous growth!
Roots grab Josephine.
The grasping roots constrict Josephine!
You kill Josephine!
The wraith barely misses you. The acid dragon spits acid at you.
The splash of acid hits you!! The acid corrodes you!
The wraith barely misses you.
Your Shields skill increases to level 6!
Your Invocations skill increases to level 6!
The wraith hits you.
* * * LOW HITPOINT WARNING * * *
The wraith drains your vigour!
You feel as though you will be slow longer.
The wraith barely misses you. The wraith hits you.
* * * LOW HITPOINT WARNING * * *
The wraith attacks as you move away! The wraith misses you.
The acid dragon barely misses you. The acid dragon claws you.
* * * LOW HITPOINT WARNING * * *
The wraith barely misses you.
The acid dragon bites you but does no damage.
The acid dragon barely misses you. The wraith attacks as you move away!
The wraith hits you but does no damage. The wraith attacks as you move away!
The wraith misses you.
The teleport trap disappears.
The wraith disappears!
The acid dragon bites you!
* * * LOW HITPOINT WARNING * * *
The acid dragon claws you but does no damage.
The wraith attacks as you move away! The wraith hits you but does no damage.
The acid dragon spits acid at you. The splash of acid hits you!!
You die...
Your body glows with a rainbow of weird colours and disappears.

.....................#(...#..
#...................#((.....
...8..........>......#.......
#.............)......#(...(..
.....................#....(.y
.........................(#..
.........................(#..
..........WD..........(...#..
...........W@.......W.....###
...................@.....#..
.8................W######..
...................#.......
..........#.#......#.......
...................#.......
..#......#.#......#.......
#...............#.......
#...............#.......


You could see 2 wraiths and an acid dragon (catching breath).

Vanquished Creatures
  Jorgrun (D:11)
  A minotaur (Gauntlet)
  Josephine (D:12)
  Erolcha (D:9)
  A boulder beetle (D:11)
  5 two-headed ogres
  A centaur warrior (D:12)
  Sonja (D:12)
  4 sixfirhies (Gauntlet)
  A wizard (Gauntlet)
  A kobold demonologist (D:9)
  2 queen bees
  A polar bear (D:12)
  Prince Ribbit (D:8)
  4 trolls
  A hornet (D:8)
  3 slime creatures
  3 centaur simulacra (D:12)
  A vampire (D:11)
  2 shadows
  3 wraiths
  Eustachio (D:5)
  A wyvern (D:10)
  2 yaks
  2 vampire mosquitoes (D:12)
  3 wargs (Orc:1)
  Duvessa (D:5)
  2 water moccasins
  2 black bears (D:7)
  A meliai simulacrum (D:12)
  2 sky beasts (D:7)
  8 ice beasts
  12 orc warriors
  5 ogres
  3 centaurs
  A wolf (D:12)
  4 kobold brigands
  4 bullfrogs
  A gnoll sergeant (D:10)
  13 wights
  Dowan (D:5)
  34 killer bees
  2 electric eels (D:12)
  2 howler monkeys
  A jelly (D:7)
  A gnoll bouda (D:8)
  9 orc priests
  5 hounds
  2 sleepcaps
  Terence (D:3)
  2 iguanas
  8 orc wizards
  9 gnolls
  9 adders
  A shadow imp (Gauntlet)
  4 white imps
  An ufetubus (D:6)
  A worm (D:2)
  A dart slug (D:3)
  69 orcs
  7 ball pythons
  5 bats
  11 endoplasms
  5 giant cockroaches
  16 goblins
  8 hobgoblins
  3 jackals
  20 kobolds
  2 quokkas (D:1)
  5 frilled lizards
  5 rats
357 creatures vanquished.

Vanquished Creatures (others)
  6 plants (D:7)
  A withered plant (Gauntlet)
7 creatures vanquished.

Grand Total: 364 creatures vanquished

Notes
Turn   | Place    | Note
-------+----------+-------------------------------------------
     0 | D:1      | Lobster4 the Human Wanderer began the quest for the Orb.
     0 | D:1      | Lobster4 set off with the following items: a +2 hand axe, a
                  | potion of lignification, a +0 ring mail, a potion of
                  | curing.
     0 | D:1      | Reached XP level 1. HP: 15/15 MP: 2/2
    53 | D:1      | Reached XP level 2. HP: 19/21 MP: 3/3
   212 | D:1      | Reached XP level 3. HP: 27/27 MP: 4/4
   688 | D:1      | Reached skill level 2 in Fighting
   817 | D:2      | Reached XP level 4. HP: 33/33 MP: 5/5
  1373 | D:2      | Found a shimmering altar of Xom.
  1440 | D:2      | Found a faded altar of an unknown god.
  1662 | D:3      | Reached XP level 5. HP: 39/39 MP: 6/6
  1893 | D:3      | Noticed Terence
  1909 | D:3      | Killed Terence
  2256 | D:3      | Noticed Sigmund
  2277 | D:3      | Found an ornate altar of the Wu Jian Council.
  2328 | D:3      | Found a white marble altar of Elyvilon.
  2657 | D:4      | Learned a level 2 spell: Scorch
  2706 | D:4      | Reached XP level 6. HP: 46/46 MP: 7/7
  3009 | D:4      | Reached skill level 1 in Evocations
  3093 | D:4      | Identified the +6 short sword "Kiugiv" {freeze, rC+}
  3274 | D:4      | Reached skill level 1 in Throwing
  3327 | D:4      | Identified the ring "Qowk" {Str+6 Int+5 Dex+4}
  3729 | D:5      | Entered Level 5 of the Dungeon
  3729 | D:5      | Noticed an ogre
  3761 | D:5      | Killed an ogre
  3762 | D:5      | Reached skill level 3 in Fighting
  3762 | D:5      | Reached skill level 1 in Fire Magic
  3762 | D:5      | Reached XP level 7. HP: 52/52 MP: 9/9
  3824 | D:5      | Noticed a water moccasin
  3834 | D:5      | Killed a water moccasin
  3835 | D:5      | Reached skill level 1 in Short Blades
  3845 | D:5      | Identified the +10 mace of Sots {drain, Int+2}
  4002 | D:5      | Noticed Eustachio
  4066 | D:5      | Killed Eustachio
  4194 | D:5      | Noticed Dowan
  4231 | D:4      | Reached skill level 1 in Maces & Flails
  4231 | D:4      | Reached XP level 8. HP: 31/58 MP: 11/11
  4390 | D:5      | Noticed Duvessa
  4416 | D:5      | Killed Duvessa
  4435 | D:5      | Killed Dowan
  5305 | D:6      | Reached XP level 9. HP: 64/65 MP: 13/13
  5800 | D:7      | Noticed a troll
  5907 | D:7      | Reached skill level 4 in Fighting
  6233 | D:7      | Killed a troll
  6281 | D:7      | Found the +18 Lear's hauberk
  6421 | D:6      | Reached skill level 5 in Armour
  6421 | D:6      | Reached skill level 5 in Dodging
  6813 | D:7      | Reached skill level 5 in Fighting
  6875 | D:7      | Found a staircase to the Ecumenical Temple.
  6893 | Temple   | Entered the Ecumenical Temple
  7049 | Temple   | Became a worshipper of Nemelex Xobeh the Trickster
  7077 | D:7      | Reached XP level 10. HP: 72/74 MP: 14/14
  7314 | D:8      | Noticed a two-headed ogre
  7452 | D:8      | Noticed a two-headed ogre
  7462 | D:8      | Killed a two-headed ogre
  7676 | D:8      | Killed a two-headed ogre
  7677 | D:8      | Reached skill level 6 in Fighting
  7677 | D:8      | Reached skill level 5 in Maces & Flails
  7731 | D:8      | Noticed Prince Ribbit
  7742 | D:8      | Killed Prince Ribbit
  7949 | D:8      | Noticed a two-headed ogre
  7959 | D:8      | Killed a two-headed ogre
  7960 | D:8      | Reached skill level 7 in Fighting
  7960 | D:8      | Reached skill level 5 in Invocations
  8177 | D:8      | Found a runed translucent door.
  8265 | D:8      | Reached XP level 11. HP: 78/85 MP: 15/15
  8310 | D:8      | Reached * piety under Nemelex Xobeh
  8379 | D:8      | Found Reklisun's Antique Weapon Shop.
  8382 | D:8      | Bought a slimy great mace for 276 gold pieces
  8382 | D:8      | Identified the +8 great mace of Intuition {freeze, MP+9
                  | Int+3} (You bought it in a shop on level 8 of the Dungeon)
  8547 | D:8      | Reached skill level 8 in Fighting
  9103 | D:9      | Found a glowing golden altar of the Shining One.
  9246 | D:9      | Reached skill level 9 in Fighting
  9505 | D:9      | Identified the +9 triple crossbow of Distant Shores {heavy,
                  | rN+ rCorr}
  9826 | D:9      | Found a staircase to the Lair.
  9829 | D:9      | Received a gift from Nemelex Xobeh
  9904 | D:10     | Entered Level 10 of the Dungeon
  9906 | D:10     | Noticed Erolcha
  9920 | D:9      | Killed Erolcha
  9921 | D:9      | Reached skill level 10 in Fighting
 10837 | D:10     | Reached skill level 11 in Fighting
 10868 | D:10     | Identified the +1 pair of gloves of Duty {rF+ Will+}
 10891 | D:10     | Found a portal to a secret trove of treasure.
 11017 | D:10     | Noticed a two-headed ogre
 11029 | D:10     | Killed a two-headed ogre
 11058 | D:10     | Found a staircase to the Orcish Mines.
 11307 | D:11     | Found a gate leading to a gauntlet.
 11308 | D:11     | Reached ** piety under Nemelex Xobeh
 11322 | Gauntlet | Entered a Gauntlet
 11322 | Gauntlet | Noticed a wizard
 11322 | Gauntlet | Found a transporter.
 11322 | Gauntlet | Found a runed translucent door.
 11322 | Gauntlet | Found a transporter.
 11330 | Gauntlet | Found a transporter.
 11334 | Gauntlet | Found a transporter.
 11336 | Gauntlet | Noticed a shining eye
 11346 | Gauntlet | Found a transporter.
 11346 | Gauntlet | Found a transporter.
 11348 | Gauntlet | Noticed a sixfirhy
 11348 | Gauntlet | Noticed a sixfirhy
 11349 | Gauntlet | Noticed a sixfirhy
 11351 | Gauntlet | Noticed a sixfirhy
 11357 | Gauntlet | Found a transporter.
 11369 | Gauntlet | Noticed a skyshark
 11370 | Gauntlet | a skyshark changed into a deep troll
 11370 | Gauntlet | Noticed a deep troll (glowing shapeshifter)
 11371 | Gauntlet | Found a transporter.
 11371 | Gauntlet | a deep troll changed into a lindwurm
 11371 | Gauntlet | Noticed a lindwurm (glowing shapeshifter)
 11372 | Gauntlet | a lindwurm changed into a tarantella
 11377 | Gauntlet | a tarantella changed into a moth of wrath
 11377 | Gauntlet | Noticed a moth of wrath (glowing shapeshifter)
 11382 | Gauntlet | a moth of wrath changed into a shock serpent
 11382 | Gauntlet | Noticed a shock serpent (glowing shapeshifter)
 11385 | Gauntlet | Found a transporter.
 11386 | Gauntlet | a shock serpent changed into a water nymph
 11389 | Gauntlet | Received a gift from Nemelex Xobeh
 11389 | Gauntlet | Found a transporter.
 11391 | Gauntlet | a slime creature changed into an anaconda
 11391 | Gauntlet | Noticed an anaconda (glowing shapeshifter)
 11392 | Gauntlet | a dream sheep changed into a glowing orange brain
 11392 | Gauntlet | Noticed a glowing orange brain (shapeshifter)
 11397 | Gauntlet | Found a transporter.
 11401 | Gauntlet | Found a transporter.
 11405 | Gauntlet | Found a runed translucent door.
 11457 | Gauntlet | Killed a wizard
 11458 | Gauntlet | Reached skill level 1 in Shields
 11468 | Gauntlet | Found a runed translucent door.
 11497 | Gauntlet | Noticed a wolf spider
 11501 | Gauntlet | Noticed a quicksilver ooze
 11503 | Gauntlet | a quicksilver ooze changed into an eleionoma
 11503 | Gauntlet | Noticed an eleionoma (glowing shapeshifter)
 11504 | Gauntlet | an eleionoma changed into a dire elephant
 11504 | Gauntlet | Noticed a dire elephant (glowing shapeshifter)
 11509 | Gauntlet | a dire elephant changed into a death yak
 11509 | Gauntlet | Noticed a death yak (glowing shapeshifter)
 11511 | Gauntlet | a death yak changed into a minotaur
 11511 | Gauntlet | Noticed a minotaur (glowing shapeshifter)
 11512 | Gauntlet | Identified the +6 ring mail "Howuit" {Fly rElec Str+6}
 11517 | Gauntlet | a minotaur changed into something unseen
 11524 | Gauntlet | Noticed a satyr
 11537 | Gauntlet | a wolf spider changed into a faun
 11537 | Gauntlet | Noticed a faun (shapeshifter)
 11537 | Gauntlet | a satyr changed into something unseen
 11542 | Gauntlet | Noticed a fire dragon
 11546 | Gauntlet | a fire dragon changed into a five-headed hydra
 11546 | Gauntlet | Noticed a five-headed hydra (glowing shapeshifter)
 11547 | Gauntlet | a five-headed hydra changed into an emperor scorpion
 11547 | Gauntlet | Noticed an emperor scorpion (glowing shapeshifter)
 11550 | Gauntlet | an emperor scorpion changed into a storm dragon
 11550 | Gauntlet | Noticed a storm dragon (glowing shapeshifter)
 11552 | Gauntlet | a storm dragon changed into something unseen
 11560 | Gauntlet | Noticed a spark wasp
 11565 | Gauntlet | a spark wasp changed into a jorogumo
 11565 | Gauntlet | Noticed a jorogumo (glowing shapeshifter)
 11568 | Gauntlet | a jorogumo changed into an ice dragon
 11568 | Gauntlet | Noticed an ice dragon (glowing shapeshifter)
 11584 | Gauntlet | Killed a sixfirhy
 11585 | Gauntlet | Reached XP level 12. HP: 63/101 MP: 16/16
 11612 | Gauntlet | Killed a sixfirhy
 11613 | Gauntlet | Noticed a two-headed ogre
 11617 | Gauntlet | a two-headed ogre changed into an orb spider
 11617 | Gauntlet | Noticed an orb spider (shapeshifter)
 11620 | Gauntlet | Identified the ring of the Solstice {rElec Will+ Str+3
                  | Int+2}
 11664 | Gauntlet | Killed a sixfirhy
 11705 | Gauntlet | Killed a sixfirhy
 11887 | Gauntlet | Noticed an entropy weaver
 11889 | Gauntlet | Noticed a minotaur
 11890 | Gauntlet | Noticed an ice dragon
 11892 | Gauntlet | an entropy weaver changed into a spriggan
 11903 | Gauntlet | Killed a minotaur
 11904 | Gauntlet | Reached skill level 12 in Fighting
 12125 | D:11     | Noticed a boulder beetle
 12159 | D:11     | Killed a boulder beetle
 12678 | Lair:1   | Entered Level 1 of the Lair of Beasts
 12678 | Lair:1   | Noticed a catoblepas
 12727 | Orc:1    | Entered Level 1 of the Orcish Mines
 13023 | Orc:2    | Entered Level 2 of the Orcish Mines
 13510 | Orc:2    | Found a staircase to the Elven Halls.
 13885 | Orc:2    | Noticed Rupert
 14651 | D:11     | Received a gift from Nemelex Xobeh
 14721 | D:11     | Reached skill level 5 in Shields
 15050 | D:12     | Noticed Jorgrun
 15071 | D:11     | Killed Jorgrun
 15469 | D:12     | Reached *** piety under Nemelex Xobeh
 15483 | D:12     | Noticed a centaur warrior
 15508 | D:12     | Killed a centaur warrior
 15509 | D:12     | Reached XP level 13. HP: 81/109 MP: 18/18
 15781 | D:12     | Noticed Sonja
 15797 | D:12     | Killed Sonja
 16890 | D:12     | Received a gift from Nemelex Xobeh
 16897 | D:12     | Noticed Josephine
 16923 | D:12     | Killed Josephine
 16930 | D:12     | Killed from afar by an acid dragon

Illustrated notes

Levels and vault maps discovered:
D:1:      dpeg_chamrin_arrival_tetris, layout_basic, minmay_misc_feat_square,
          st_stairs_13
D:2:      layout_rooms, ebering_ecumenical_altar_mist, basic_altar,
          kennysheep_generic_room_15
D:3:      layout_basic, mainiacjoe_overflow_24_doors,
          mainiacjoe_overflow_alcove_4, hangedman_decor_opposing, uniq_terence,
          uniq_sigmund
D:4:      layout_cave_pods
D:5:      layout_rooms, chequers_hall_statues_wall_a, uniq_duvessa,
          uniq_eustachio
D:6:      layout_loops_corners
D:7:      layout_gridville, minmay_temple_entry_gardened_gates,
          hellmonk_guarded_unrand_lears
D:8:      layout_gridville, serial_shops, nicolae_shop_behind_doors,
          lightli_church_of_beogh, uniq_prince_ribbit1
D:9:      layout_roguey, tso_metal_star, lair_entry_dummy,
          hangedman_abyss_or_decor_clamps, chequers_serial_rivers_micro_d
D:10:     layout_basic, hiddenorc1_lemuel, nicolae_trove_entry_crossroad,
          grunt_ministairs_8, uniq_erolcha
D:11:     layout_basic, special_room [special_room_bee], gauntlet_entry_generic
D:12:     layout_grid_maze, serial_ice, serial_ice_i, serial_ice_h,
          serial_ice_o, serial_ice_a, serial_ice_n, serial_ice_d, serial_ice_m,
          serial_ice_b, uniq_jorgrun, uniq_josephine, uniq_maurice, uniq_sonja
Temple:   nicolae_temple_bog_church
Lair:1:   layout_cave_pods, serial_rivers, chequers_serial_rivers_micro_d,
          chequers_serial_rivers_small_a, chequers_serial_rivers_marsh,
          chequers_serial_rivers_small_3, chequers_serial_rivers_marsh,
          chequers_serial_rivers_large_b, grunt_megastairs_5, lemuel_fruit_tree,
          lemuel_fruit_fields, uniq_joseph
Orc:1:    layout_caves, nicolae_orc_lava_tube
Orc:2:    st_orc_pillars, layout_caves, nicolae_orc_sculptors_studio,
          uniq_rupert

Skill      XL: |  1  2  3  4  5  6  7  8  9 10 11 12 13 |
---------------+----------------------------------------+-----
Fighting       | 2 3 5 7 11 12 | 12.9
Armour         | 3 4 5 6 8 |  8.7
Dodging        | 3 4 5 6 |  6.0
Evocations     | 1 2 3 |  3.0
Throwing       | 1 2 3 |  3.0
Axes           | 4 |  4.1
Fire Magic     | 1 2 3 4 |  4.5
Short Blades   | 1 2 4 |  4.0
Spellcasting   | 2 3 4 |  4.3
Maces & Flails | 1 2 3 5 6 |  6.2
Invocations    | 5 6 |  6.0
Shields        | 2 5 6 |  6.0

Action                     |  1- 3 |  4- 6 |  7- 9 | 10-12 | 13-15 || total
---------------------------+-------+-------+-------+-------+-------++-------
  Melee: Hand axe          |    89 |   187 |       |       |       ||   276
         Short sword       |       |       |   307 |   966 |    71 ||  1344
         Punch             |       |       |     4 |    13 |     1 ||    18
         Mace              |       |       |       |    21 |    24 ||    45
  Throw: Javelin           |       |     8 |    20 |     7 |     2 ||    37
         Boomerang         |       |       |     8 |    28 |       ||    36
         Dart              |       |       |     2 |    56 |    30 ||    88
   Cast: Scorch            |       |       |       |    43 |    38 ||    81
 Invoke: Draw Destruction  |       |       |       |     7 |       ||     7
         Draw Escape       |       |       |       |     3 |       ||     3
  Evoke: Wand              |       |     4 |     3 |    10 |     4 ||    21
    Use: Potion            |     1 |       |     1 |    15 |     1 ||    18
         Scroll            |       |    13 |     1 |    12 |     2 ||    28
   Stab: Paralysed         |       |       |       |     3 |       ||     3
 Armour: Ring mail         |    34 |    30 |       |   260 |    67 ||   391
         Skin              |     1 |     4 |    22 |    16 |       ||    43
         Scale mail        |       |    54 |    77 |       |       ||   131
         Chain mail        |       |       |    60 |   310 |       ||   370
         Plate armour      |       |       |       |    22 |       ||    22
  Dodge: Dodged            |    66 |   105 |   177 |   617 |   111 ||  1076

Table legend: (Time is in decaauts)
 A = Elapsed time spent in this place.
 B = Non-inter-level travel time spent in this place.
 C = Inter-level travel time spent in this place.
 D = Time resting spent in this place.
 E = Time spent auto-exploring this place.
 F = Levels seen in this place.
 G = Mean time per level.
                   A        B        C        D        E       F      G
               +--------+--------+--------+--------+--------+-----+--------+
         Total |  16810 |  15873 |    937 |   3247 |   8566 |  17 |  988.8 |
       Dungeon |  15004 |  14109 |    895 |   2493 |   8147 |  12 | 1250.3 |
        Temple |    181 |    161 |     20 |      0 |    129 |   1 |  181.0 |
          Lair |      1 |      1 |      0 |      0 |      0 |   1 |    1.0 |
  Orcish Mines |    920 |    900 |     20 |    497 |    138 |   2 |  460.0 |
      Gauntlet |    703 |    703 |      0 |    257 |    152 |   1 |  703.0 |
               +--------+--------+--------+--------+--------+-----+--------+

Top non-repeatable levels by time:
    D:10: 2036 daAuts
    D:12: 1613 daAuts
     D:8: 1603 daAuts
    D:11: 1390 daAuts
     D:6: 1281 daAuts
     D:7: 1263 daAuts
     D:4: 1230 daAuts
     D:9: 1067 daAuts
     D:3: 994 daAuts
     D:2: 884 daAuts
     D:5: 856 daAuts
     D:1: 781 daAuts
   Orc:1: 741 daAuts
Gauntlet: 703 daAuts
  Temple: 181 daAuts
